 Dungeon Crawl Stone Soup version 0.26-a0-540-g8a0c9464d7 (webtiles) character file.

Game seed: 1640933186352280642

39 HoaS the Ruffian (level 3, -1/21 HPs)
             Began as a Gargoyle Gladiator on Aug 19, 2020.
             Slain by a worm (9 damage)
             ... on level 2 of the Dungeon.
             The game lasted 00:02:13 (1020 turns).

HoaS the Ruffian (Gargoyle Gladiator)               Turns: 1020, Time: 00:02:13

Health: -1/21      AC:  7    Str: 18    XL:     3   Next: 45%
Magic:  3/3        EV: 12    Int:  8    God:
Gold:   68         SH:  0    Dex: 11    Spells: 2/2 levels left

rFire    . . .     SeeInvis .     - Unarmed
rCold    . . .     Faith    .   (no shield)
rNeg     + . .     Spirit   .   a - +0 leather armour
rPois    ∞         Reflect  .   b - +0 helmet
rElec    +         Harm     .   (no cloak)
rCorr    .                      (no gloves)
MR       +....                  (no boots)
Stlth    +.........             (no amulet)
HPRegen  0.07/turn              f - ring of protection from magic
MPRegen  0.08/turn              (no ring)

@: no status effects
A: negative energy resistance 1, electricity resistance, unbreathing,
petrification resistance, rot immunity, AC +3
a: no special abilities


You were on level 2 of the Dungeon.
You visited 1 branch of the dungeon, and saw 2 of its levels.

You collected 68 gold pieces.

Inventory:

Missiles
 c - 3 throwing nets (quivered)
Armour
 a - a +0 leather armour (worn)
 b - a +0 helmet (worn)
Jewellery
 f - a ring of protection from magic (left hand)
Scrolls
 d - a scroll of identify
Potions
 e - a potion of curing
 g - a potion of flight {unknown}


   Skills:
 - Level 2.1 Fighting
 - Level 1.7 Throwing
 - Level 2.4 Dodging
 + Level 4.4 Unarmed Combat


You had 2 spell levels left.
You didn't know any spells.
Your spell library was empty.

Dungeon Overview and Level Annotations

Branches:
Dungeon (2/15)

Altars:


Innate Abilities, Weirdness & Mutations

You are resistant to torment.
Your stone body is resilient. (AC +3)
You are immune to poison.
You resist negative energy. (rN+)
You are resistant to electric shocks. (rElec)
You can survive without breathing.
You are immune to petrification.
You are immune to rotting.


Message History

No target in view!
A worm comes into view.
A frilled lizard and a worm come into view.
The frilled lizard hisses angrily.
Found a long sword.
You punch the worm!
The worm is moderately wounded.
The worm bites you!
You hit the worm.
The worm is severely wounded.
The frilled lizard bites you but does no damage.
You hit the worm.
The worm is severely wounded.
The worm bites you.
The frilled lizard bites you but does no damage.
You are too injured to fight recklessly!
You hit the frilled lizard.
You kill the frilled lizard!
The worm bites you!
You die...

#...#.... ###
........# #..
........# #.#
........# #.#
........###.#
.........##.####.#
...............w.#
........###w###..##
........<.@w.......
.........###.......
########## .......
....... .......
....... .......
......)


You could see 2 worms.

Vanquished Creatures
  A dart slug (D:1)
  2 leopard geckos (D:1)
  2 bats (D:1)
  2 giant cockroaches (D:1)
  6 goblins (D:1)
  7 hobgoblins (D:1)
  A ball python (D:1)
  3 frilled lizards
  4 kobolds (D:1)
  4 rats (D:1)
32 creatures vanquished.

Notes
Turn   | Place    | Note
-------+----------+-------------------------------------------
     0 | D:1      | HoaS the Gargoyle Gladiator began the quest for the Orb.
     0 | D:1      | Reached XP level 1. HP: 12/12 MP: 1/1
   164 | D:1      | Reached XP level 2. HP: 17/17 MP: 2/2
   513 | D:1      | Reached skill level 4 in Unarmed Combat
   569 | D:1      | Reached XP level 3. HP: 21/21 MP: 3/3
  1020 | D:2      | Slain by a worm

Illustrated notes

Levels and vault maps discovered:
D:1:      minmay_arrival_glassed_features, layout_basic
D:2:      layout_rooms, minmay_tromino_i2, uniq_sigmund, uniq_robin

Skill      XL: |  1  2 |
---------------+-------+-----
Unarmed Combat | 4 |  4.4
Fighting       | |  2.1
Throwing       | |  1.7
Dodging        | |  2.4

Action                   || total
-------------------------++-------
Melee: Unarmed           ||   118
       Punch             ||     2
  Use: Scroll            ||     6
Armor: Leather armour    ||    40
Dodge: Dodged            ||    85

Table legend: (Time is in decaauts)
 A = Elapsed time spent in this place.
 B = Non-inter-level travel time spent in this place.
 C = Inter-level travel time spent in this place.
 D = Time resting spent in this place.
 E = Time spent auto-exploring this place.
 F = Levels seen in this place.
 G = Mean time per level.
                   A        B        C        D        E       F      G
               +--------+--------+--------+--------+--------+-----+--------+
         Total |   1010 |    995 |     15 |    199 |    572 |   2 |  505.0 |
       Dungeon |   1010 |    995 |     15 |    199 |    572 |   2 |  505.0 |
               +--------+--------+--------+--------+--------+-----+--------+

Top non-repeatable levels by time:
     D:1: 993 daAuts
     D:2: 17 daAuts
